 Dungeon Crawl Stone Soup version 0.26-a0-660-gc07710193c (webtiles) character file.

Game seed: 13156597195816550547

1767 jasper the Frost Mage (level 8, 0/56 HPs)
             Began as a Demonspawn Ice Elementalist on Oct 6, 2020.
             Was a Believer of Vehumet.
             Slain by Harold
             ... wielding a +0 trident
              (15 damage)
             ... on level 7 of the Dungeon.
             The game lasted 00:18:52 (7089 turns).

jasper the Frost Mage (Demonspawn Ice Elementalist) Turns: 7089, Time: 00:18:53

Health: 0/56       AC: 17    Str:  9    XL:     8   Next: 80%
Magic:  14/22      EV: 12    Int: 18    God:    Vehumet [**....]
Gold:   380        SH:  0    Dex: 14    Spells: 3/14 levels left

rFire    . . .     SeeInvis .   E - +4 trident (protect)
rCold    + . .     Faith    .   (no shield)
rNeg     . . .     Spirit   .   a - +0 robe
rPois    .         Reflect  .   F - +0 helmet
rElec    .         Harm     .   O - +2 cloak
rCorr    .         Rampage  .   (no gloves)
MR       .....                  (no boots)
Stlth    ++........             (no amulet)
HPRegen  0.18/turn              e - ring of magical power
MPRegen  0.18/turn              k - ring of protection from cold

@: icy armour, marked, very slightly contaminated
A: talons 2, icy blue scales 2, spiny 1
a: Renounce Religion


You were on level 7 of the Dungeon.
You worshipped Vehumet.
Vehumet was pleased with you.
You visited 1 branch of the dungeon, and saw 7 of its levels.

You collected 380 gold pieces.

Inventory:

Hand Weapons
 i - a +0 whip
 m - a +0 short sword
 x - a +4 short sword
 A - a +0 longbow
 E - a +4 trident of protection (weapon)
Missiles
 b - 194 stones
 h - 22 bolts
 p - 43 poisoned darts (quivered)
 w - 7 curare-tipped darts
 y - 7 boomerangs
Armour
 a - a +0 robe (worn)
 u - +0 shadow dragon scales
 B - a +0 cloak
 F - a +0 helmet (worn)
 O - a +2 cloak (worn)
Jewellery
 e - a ring of magical power (left hand)
 k - a ring of protection from cold (right hand)
 v - an uncursed amulet of faith {unknown}
 G - a +6 ring of intelligence {unknown}
Wands
 I - a wand of enslavement (20)
 M - a wand of polymorph (6)
Scrolls
 d - a scroll of blinking {unknown}
 g - 2 scrolls of teleportation {unknown}
 l - 2 scrolls of immolation {unknown}
 n - 4 scrolls of identify {unknown}
 r - 3 scrolls of magic mapping {unknown}
 s - 3 scrolls of remove curse {unknown}
 C - a scroll of random uselessness {unknown}
 D - a scroll of fear {unknown}
 J - a scroll of enchant armour {unknown}
Potions
 c - a potion of invisibility {unknown}
 f - a potion of degeneration {unknown}
 j - 2 potions of heal wounds {unknown}
 q - 2 potions of stabbing {unknown}
 t - 2 potions of mutation {unknown}
 z - 2 potions of flight {unknown}
 H - 2 potions of lignification {unknown}
 K - a potion of ambrosia {unknown}
 L - a potion of resistance {unknown}
 N - 2 potions of cancellation {unknown}


   Skills:
 + Level 2.2 Fighting
 + Level 2.0 Armour
 - Level 1.7 Dodging
 - Level 1.7 Stealth
 * Level 3.8 Spellcasting
 - Level 10.0 Ice Magic


You had 3 spell levels left.
You knew the following spells:

 Your Spells              Type           Power        Failure   Level
a - Freeze                Ice            ####         1%          1
b - Frozen Ramparts       Ice            #####.       1%          3
c - Ozocubu's Armour      Ice            #####...     1%          3
d - Hailstorm             Conj/Ice       ###.....     19%         4

Your spell library contained the following spells:

 Spells                   Type           Power        Failure   Level
 Sandblast                Erth           #.....       16%         1
 Ensorcelled Hibernation  Hex/Ice        ###...       3%          2
 Corona                   Hex            #......      16%         1
 Confusing Touch          Hex            #.......     41%         3
 Dazzling Flash           Conj/Hex       #.....       41%         3
 Tukima's Dance           Hex            #.......     41%         3
 Summon Ice Beast         Ice/Summ       ###.....     19%         4


Dungeon Overview and Level Annotations

Branches:
Dungeon (7/15)
 Temple: D:4-7

Altars:
Gozag
Nemelex Xobeh
Okawaru
Trog
Vehumet
The Shining One

Shops:
D:4 =

Annotations:
D:4 Eustachio
D:5 1 runed translucent door, relicbr's ghost, weakling SpDe
D:7 Harold


Innate Abilities, Weirdness & Mutations

You have razor-sharp toenails.
You are mostly covered in icy blue scales. (AC +3)
You are partially covered in sharp spines.


Message History

Harold is heavily wounded.
The wall freezes Harold.
Harold hits you with a +0 trident.
* * * LOW HITPOINT WARNING * * *
The necrophage resists.
The wall freezes the necrophage.
You take 4 damage, and have 13/56 hp.
Throwing (i - inventory. (/) - cycle)
p - 44 poisoned darts (quivered)
Press: ? - help, Shift-Dir - straight line, f/p - Harold
Aim: Harold, wielding a +0 trident and wearing a +0 scale mail (severely wounded, fast)
You throw a poisoned dart. The poisoned dart hits Harold.
Harold is poisoned.
Harold is severely wounded.
The wall freezes Harold.
Harold hits you but does no damage.
The necrophage resists.
The wall freezes the necrophage.
The wall freezes Harold.
Harold hits you with a +0 trident!
* * * LOW HITPOINT WARNING * * *
You take 7 damage, and have 6/56 hp.
Unknown command.
Unknown command.
You feel better.
The frozen ramparts melt away.
Harold hits you with a +0 trident!
You die...

#.# #.# #...# #..
#...# #.# #...#
#.# #...# #n#
################@#
................@#
.................#
..†..............#
##################
.# #...# ## #...#
## #...# .# #...#
## #...#


You could see Harold (fast, poisoned) and a necrophage.

Vanquished Creatures
  A troll (D:7)
  2 orc warriors (D:6)
  A necrophage (D:6)
  5 ogres
  2 bullfrogs (D:6)
  3 scorpions
  2 hounds (D:6)
  3 orc wizards
  A centaur skeleton (D:7)
  A centaur zombie (D:5)
  2 orc priests (D:3)
  A bullfrog skeleton (D:6)
  An iguana (D:7)
  2 worker ants (D:5)
  A hound zombie (D:5)
  Robin (D:4)
  A gnoll (D:6)
  7 adders
  An ufetubus (D:5)
  An ooze (D:5)
  4 worms
  A dart slug (D:1)
  A leopard gecko (D:1)
  12 orcs
  2 ball pythons
  9 bats
  4 giant cockroaches
  17 goblins
  11 hobgoblins
  10 jackals
  5 quokkas
  A frilled lizard (D:3)
  A jackal skeleton (D:4)
  9 kobolds
  A quokka zombie (D:5)
  10 rats
137 creatures vanquished.

Notes
Turn   | Place    | Note
-------+----------+-------------------------------------------
     0 | D:1      | jasper the Demonspawn Ice Elementalist began the quest for
                  | the Orb.
     0 | D:1      | Reached XP level 1. HP: 13/13 MP: 3/3
   158 | D:1      | Reached skill level 4 in Ice Magic
   211 | D:1      | Gained mutation: You have sharp toenails. [demonic
                  | ancestry]
   211 | D:1      | Reached XP level 2. HP: 19/19 MP: 1/5
  1149 | D:1      | Reached XP level 3. HP: 24/24 MP: 6/6
  1154 | D:1      | Learned a level 3 spell: Frozen Ramparts
  2055 | D:2      | Reached skill level 5 in Ice Magic
  2180 | D:2      | Reached XP level 4. HP: 26/30 MP: 7/7
  2338 | D:2      | Found a glowing golden altar of the Shining One.
  2761 | D:3      | Found a radiant altar of Vehumet.
  2778 | D:3      | Became a worshipper of Vehumet
  3042 | D:3      | Gained mutation: You are partially covered in icy blue
                  | scales. (AC +2) [demonic ancestry]
  3042 | D:3      | Reached XP level 5. HP: 7/35 MP: 8/8
  3401 | D:3      | Reached skill level 6 in Ice Magic
  3442 | D:3      | Learned a level 3 spell: Ozocubu's Armour
  4361 | D:4      | Found Zuteh's Jewellery Shop.
  4498 | D:4      | Noticed Robin
  4510 | D:4      | Killed Robin
  4689 | D:4      | Noticed Eustachio
  4695 | D:5      | Entered Level 5 of the Dungeon
  4697 | D:5      | Reached * piety under Vehumet
  4697 | D:5      | Offered knowledge of Foxfire by Vehumet.
  4728 | D:5      | Gained mutation: You are partially covered in sharp spines.
                  | [demonic ancestry]
  4728 | D:5      | Reached XP level 6. HP: 41/41 MP: 9/9
  4793 | D:5      | Found a runed translucent door.
  4849 | D:5      | Reached skill level 7 in Ice Magic
  4978 | D:5      | Gained mutation: You have razor-sharp toenails. [demonic
                  | ancestry]
  4978 | D:5      | Reached XP level 7. HP: 42/46 MP: 10/10
  5013 | D:5      | Reached skill level 8 in Ice Magic
  5450 | D:5      | Noticed relicbr's ghost (weakling SpDe)
  5503 | D:6      | Reached skill level 9 in Ice Magic
  5579 | D:6      | Gained mutation: You are mostly covered in icy blue scales.
                  | (AC +3) [demonic ancestry]
  5579 | D:6      | Reached XP level 8. HP: 36/52 MP: 11/11
  5581 | D:6      | Reached ** piety under Vehumet
  5587 | D:6      | Offered knowledge of Sandblast by Vehumet.
  6176 | D:6      | Found an iron altar of Okawaru.
  6274 | D:6      | Found a bloodstained altar of Trog.
  6341 | D:6      | Reached skill level 10 in Ice Magic
  6427 | D:6      | Learned a level 4 spell: Hailstorm
  6627 | D:6      | Found a sparkling altar of Nemelex Xobeh.
  6627 | D:6      | Found an opulent altar of Gozag.
  6714 | D:7      | Reached skill level 1 in Fighting
  6714 | D:7      | Reached skill level 1 in Armour
  6785 | D:7      | Noticed a troll
  6811 | D:7      | Killed a troll
  7073 | D:7      | Noticed Harold
  7089 | D:7      | Slain by Harold

Illustrated notes

Levels and vault maps discovered:
D:1:      saegor_arrival_simple_e, layout_loops_ring
D:2:      layout_rooms, nicolae_tso_carved_into_rock, serial_rivers,
          chequers_serial_rivers_room_b, chequers_serial_rivers_large_a,
          chequers_serial_rivers_small_b, chequers_serial_rivers_small_3,
          chequers_serial_rivers_room_a
D:3:      layout_basic, vehumet_crystals
D:4:      layout_gridville, kennysheep_slug_shrine, serial_shops,
          kennysheep_mini, minmay_stone_trees_large, uniq_robin, uniq_eustachio
D:5:      layout_basic, ebering_ghost_reflecting_pool
D:6:      layout_loops_ring, grunt_temple_overflow_bloody_war,
          grunt_temple_overflow_opulence
D:7:      layout_loops_cross, minmay_temple_entry_wispy,
          serial_co_window_serial, co_window_corner_a, co_window_paths_b,
          co_window_corner_a, co_window_paths_a, co_window_paths_a,
          co_window_of_opportunity_a, co_window_2corner, co_window_paths_c,
          co_window_corner_ca, co_window_cross_3, co_window_corner_ca,
          co_window_broadway_a, co_window_paths_c, co_window_4corner_b,
          glass_columns_c, glass_columns_a, glass_columns_b, glass_columns_b,
          glass_columns_a, uniq_prince_ribbit1, uniq_harold, uniq_menkaure

Skill      XL: |  1  2  3  4  5  6  7  8 |
---------------+-------------------------+-----
Ice Magic      | 4 5 6 7 9 10 | 10.0
Fighting       | 2 |  2.2
Armour         | 2 |  2.0
Spellcasting   | 3 |  3.8
Dodging        | |  1.7
Stealth        | |  1.7

Action                   |  1- 3 |  4- 6 |  7- 9 || total
-------------------------+-------+-------+-------++-------
Melee: Unarmed           |     3 |       |       ||     3
       Short sword       |     1 |    15 |       ||    16
       Kick              |       |     5 |    10 ||    15
       Trident           |       |    18 |    59 ||    77
Throw: Stone             |    73 |       |       ||    73
       Dart              |    36 |    62 |    29 ||   127
 Cast: Freeze            |    51 |    11 |     2 ||    64
       Frozen Ramparts   |     1 |    29 |    25 ||    55
       Ozocubu's Armour  |       |     1 |     2 ||     3
  Use: Potion            |       |     1 |     2 ||     3
 Stab: Sleeping          |       |     1 |     1 ||     2
Armor: Robe              |    10 |    11 |    10 ||    31
Dodge: Dodged            |    33 |    29 |    29 ||    91

Table legend: (Time is in decaauts)
 A = Elapsed time spent in this place.
 B = Non-inter-level travel time spent in this place.
 C = Inter-level travel time spent in this place.
 D = Time resting spent in this place.
 E = Time spent auto-exploring this place.
 F = Levels seen in this place.
 G = Mean time per level.
                   A        B        C        D        E       F      G
               +--------+--------+--------+--------+--------+-----+--------+
         Total |   7126 |   6984 |    142 |    601 |   5302 |   7 | 1018.0 |
       Dungeon |   7126 |   6984 |    142 |    601 |   5302 |   7 | 1018.0 |
               +--------+--------+--------+--------+--------+-----+--------+

Top non-repeatable levels by time:
     D:3: 1480 daAuts
     D:1: 1381 daAuts
     D:2: 1276 daAuts
     D:6: 1244 daAuts
     D:5: 783 daAuts
     D:4: 571 daAuts
     D:7: 387 daAuts
